 Dungeon Crawl Stone Soup version 0.26.0-10-g1f06aea511 (webtiles) character file.

Game seed: 7994035780664416288

144 Dracia the Poker (level 5, 41/41 HPs)
             Began as a Demonspawn Monk on Jan 16, 2021.
             Quit the game on level 2 of the Dungeon.
             The game lasted 00:03:37 (1957 turns).

Dracia the Poker (Demonspawn Monk)                  Turns: 1957, Time: 00:03:38

Health: 41/41      AC:  2    Str: 13    XL:     5   Next: 5%
Magic:  5/5        EV: 13    Int: 11    God:
Gold:   137        SH:  5    Dex: 15    Spells: 4/4 levels left

rFire    . . .     SeeInvis .   a - +0 spear
rCold    . . .     Faith    .   (no shield)
rNeg     . . .     Spirit   +   b - +0 robe
rPois    .         Reflect  +   (helmet restricted)
rElec    .         Harm     .   (no cloak)
rCorr    .         Rampage  .   (no gloves)
Will     .....                  (no boots)
Stlth    ++........             o - amulet of reflection
HPRegen  0.13/turn              (no ring)
MPRegen  0.09/turn              (no ring)

@: no status effects
A: antennae 1, hooves 1, magic shield
a: no special abilities


You were on level 2 of the Dungeon.
You visited 1 branch of the dungeon, and saw 2 of its levels.

You collected 137 gold pieces.


Innate Abilities, Weirdness & Mutations

You have a pair of small antennae on your head.
You have large cloven feet.
When hurt, damage is shared between your health and your magic reserves.


   Skills:
 - Level 3.0 Fighting
 * Level 5.2 Polearms
 - Level 2.6 Dodging
 - Level 1.7 Stealth


You had 4 spell levels left.
You didn't know any spells.
Your spell library was empty.

Inventory:

Hand Weapons
 a - a +0 spear (weapon)
Missiles
 k - 4 poisoned darts (quivered)
 p - 6 datura-tipped darts
Armour
 b - a +0 robe (worn)
 h - a +0 pair of boots
Jewellery
 o - an amulet of reflection (around neck)
Wands
 n - a wand of random effects (10)
Scrolls
 i - a scroll of noise {unknown}
 j - 3 scrolls of blinking {unknown}
 m - a scroll of remove curse {unknown}
Potions
 c - a potion of magic {unknown}
 d - 2 potions of curing {unknown}
 e - a potion of brilliance {unknown}
 f - a potion of heal wounds {unknown}
 g - a potion of might {unknown}
 l - a potion of degeneration {unknown}

Dungeon Overview and Level Annotations

Branches:
Dungeon (2/15)

Altars:
Xom
Zin

#####################
...............)....#
.##################.# .#
##########.###### .#
.K.....@........#######
<# #.#
##########.###........##
.# #.# #.# #..#####...
.# #.# #.# #..# #... .#
#.# ####.# #..#####.##
.# #.#
#....###........## (#
#.# #.#.รท...)####...#.
.###.# #.#.###### #...#.
.#...##### #.#.# #.#...


You could see a kobold.


Message History

The adder completely misses you.
You barely miss the adder. You kick the adder, but do no damage.
The adder is almost dead.
The adder bites you.
You barely miss the adder. You kick the adder.
You kill the adder!
You have reached level 5!
Your demonic ancestry asserts itself...
A pair of antennae grows on your head!
You now have 125 gold pieces (gained 12).
You see here a spear.
Found a scale mail.
Found a stone staircase leading down.
There is a stone staircase leading down here.
Found 12 gold pieces.
A leopard gecko comes into view.
A leopard gecko is nearby!
A leopard gecko is nearby!
The leopard gecko hisses angrily.
You barely miss the leopard gecko. Your kick misses the leopard gecko.
The leopard gecko completely misses you.
You hit the leopard gecko.
You kill the leopard gecko!
You see here a leopard gecko corpse.
You now have 137 gold pieces (gained 12).
Key pressed, stopping explore.
A kobold comes into view.
The kobold shouts!
A kobold is nearby!
Are you sure you want to abandon this character and quit the game? (Confirm with "yes".)

Skill      XL: |  1  2  3  4 |
---------------+-------------+-----
Polearms       | 3 4 5 |  5.2
Fighting       | |  3.0
Dodging        | |  2.6
Stealth        | |  1.7

Action                   |  1- 3 |  4- 6 || total
-------------------------+-------+-------++-------
Melee: Spear             |    87 |    44 ||   131
       Kick              |       |    17 ||    17
 Stab: Sleeping          |     2 |     2 ||     4
Armor: Robe              |    10 |     2 ||    12
Dodge: Dodged            |    38 |    23 ||    61

Levels and vault maps discovered:
D:1:      scummos_arrival_simple_fountains, layout_basic,
          chequers_serial_rivers_small_a, hangedman_decor_riveting
D:2:      layout_loops_ring, xom_butterflies, old_standard_altar, wad_orctagon,
          uniq_jessica

Notes
Turn   | Place    | Note
-------+----------+-------------------------------------------
     0 | D:1      | Dracia the Demonspawn Monk began the quest for the Orb.
     0 | D:1      | Reached XP level 1. HP: 18/18 MP: 1/1
    98 | D:1      | Reached skill level 3 in Polearms
   338 | D:1      | Gained mutation: When hurt, damage is shared between your
                  | health and your magic reserves. [demonic ancestry]
   338 | D:1      | Reached XP level 2. HP: 24/24 MP: 2/2
   748 | D:1      | You fall into a shaft and drop 1 floor!
   749 | D:2      | Noticed Jessica
   758 | D:2      | Killed Jessica
   759 | D:2      | Reached skill level 4 in Polearms
   759 | D:2      | Reached XP level 3. HP: 25/29 MP: 3/3
   947 | D:2      | Found a glowing silver altar of Zin.
   988 | D:2      | You feel monstrous as your demonic heritage exerts itself.
   988 | D:2      | Gained mutation: You have large cloven feet. [demonic
                  | ancestry]
   988 | D:2      | Reached XP level 4. HP: 30/35 MP: 4/4
  1314 | D:2      | Reached skill level 5 in Polearms
  1394 | D:2      | Found a shimmering altar of Xom.
  1868 | D:2      | Gained mutation: You have a pair of small antennae on your
                  | head. [demonic ancestry]
  1868 | D:2      | Reached XP level 5. HP: 40/41 MP: 5/5
  1957 | D:2      | Quit the game

Vanquished Creatures
  A jelly (D:2)
  Jessica (D:2)
  4 adders (D:2)
  An ooze (D:2)
  2 dart slugs
  3 leopard geckos
  4 orcs (D:2)
  6 goblins
  4 hobgoblins
  3 jackals (D:1)
  2 kobolds
  A bat (D:1)
  3 frilled lizards
  4 rats (D:1)
  A butterfly (D:2)
40 creatures vanquished.

Table legend: (Time is in decaauts)
 A = Elapsed time spent in this place.
 B = Non-inter-level travel time spent in this place.
 C = Inter-level travel time spent in this place.
 D = Time resting spent in this place.
 E = Time spent auto-exploring this place.
 F = Levels seen in this place.
 G = Mean time per level.
                   A        B        C        D        E       F      G
               +--------+--------+--------+--------+--------+-----+--------+
         Total |   1944 |   1944 |      0 |    297 |   1383 |   2 |  972.0 |
       Dungeon |   1944 |   1944 |      0 |    297 |   1383 |   2 |  972.0 |
               +--------+--------+--------+--------+--------+-----+--------+

Top non-repeatable levels by time:
     D:2: 1197 daAuts
     D:1: 746 daAuts

Table legend:
 A = Non-vault XP
 B = Vault XP
 C = Vault XP percentage of total XP
 D = Non-vault monster count
 E = Vault monster count
 F = Vault count percentage of total count
                 A         B        C        D         E       F
            +---------+---------+-------+---------+---------+-------
      Total |     157 |      49 |  23.8 |      34 |       5 |  12.8
            +---------+---------+-------+---------+---------+-------
        D:1 |      32 |       0 |   0.0 |      17 |       0 |   0.0
        D:2 |     125 |      49 |  28.2 |      17 |       5 |  22.7
            +---------+---------+-------+---------+---------+-------
